 Dungeon Crawl Stone Soup version 0.30-a0-618-gd6c86c23d0 (webtiles) character file.

Game seed: 12169460602869904473

259 omnomnOMINOUS the Ducker (level 6, -2/37 HPs)
             Began as an Octopode Wanderer on Jan 9, 2023.
             Was a Follower of Hepliaklqana.
             Slain by a hobgoblin (3 damage)
             ... on level 4 of the Dungeon.
             The game lasted 00:06:22 (3383 turns).

omnomnOMINOUS the Ducker (Octopode Wanderer)        Turns: 3383, Time: 00:06:23

Health: -2/37      AC:  1    Str: 12    XL:     6   Next: 17%
Magic:  6/10       EV: 14    Int: 16    God:    Hepliaklqana [*.....]
Gold:   157        SH:  0    Dex: 11    Spells: 9/10 levels left

rFire   . . .      SeeInvis .    a - +0 trident
rCold   + . .      Faith    .    (no shield)
rNeg    . . .      Spirit   .    b - +0 hat
rPois   .          Reflect  .    (no amulet)
rElec   .          Harm     .    p - ring of protection from cold
rCorr   .          Rampage  .    (no ring)
Will    .....                    (no ring)
Stlth   ++                       (no ring)
HPRegen 0.26/turn                (no ring)
MPRegen 0.12/turn                (no ring)
                                 (no ring)
                                 (no ring)

@: hasted, very quick
A: reduced essence, almost no armour, amphibious, 8 rings, camouflage 1,
gelatinous body 1, (nimble swimmer 1), tentacles
a: Renounce Religion, Recall Ancestor, Ancestor Identity


You were on level 4 of the Dungeon.
You worshipped Hepliaklqana.
Hepliaklqana was aware of your devotion.
You visited 1 branch of the dungeon, and saw 4 of its levels.

You collected 157 gold pieces.

Inventory:

Hand Weapons
 a - a +0 trident (weapon)
Armour
 b - a +0 hat (worn)
Jewellery
 p - a ring of protection from cold (left tentacle)
Scrolls
 e - a scroll of fear {unknown}
 f - a scroll of immolation {unknown}
 g - 5 scrolls of identify {unknown}
 i - a scroll of enchant weapon {unknown}
 k - a scroll of noise {unknown}
 l - a scroll of teleportation {unknown}
 m - a scroll of amnesia {unknown}
 n - a scroll of silence {unknown}
 o - a scroll of vulnerability {unknown}
 s - a scroll of enchant armour {unknown}
Potions
 d - 2 potions of heal wounds
 h - a potion of berserk rage {unknown}
 j - a potion of brilliance {unknown}
 q - a potion of might {unknown}
 r - a potion of attraction {unknown}


   Skills:
 + Level 3.2 Fighting
 - Level 3.0 Maces & Flails
 + Level 5.1 Dodging
 + Level 2.9 Spellcasting
 + Level 2.0 Conjurations
 - Level 1.0 Fire Magic


You had 9 spell levels left.
You knew the following spells:

 Your Spells              Type           Power      Damage    Failure   Level
a - Foxfire               Conj/Fire      28%        2x1d5     10%         1

Your spell library contained the following spells:

 Spells                   Type           Power      Damage    Failure   Level
 Summon Small Mammal      Summ           8%         N/A       19%         1
 Inner Flame              Hex/Fire       3%         N/A       43%         3
 Call Canine Familiar     Summ           2%         N/A       50%         3
 Ozocubu's Armour         Ice            2%         N/A       50%         3
 Summon Guardian Golem    Hex/Summ       2%         N/A       50%         3
 Passage of Golubria      Tloc           2%         N/A       88%         4
 Metabolic Englaciation   Hex/Ice        1%         N/A       99%         5
 Silence                  Hex/Air        1%         N/A       99%         5
 Simulacrum               Ice/Necr       1%         N/A       100%        6
 Lehudib's Crystal Spear  Conj/Erth      2%         10d2      100%        8
 Chain Lightning          Conj/Air       2%         3d3       100%        9
 Fire Storm               Conj/Fire      3%         8d1       100%        9
 Shatter                  Erth           1%         3d5*      100%        9


Dungeon Overview and Level Annotations

Branches:
Dungeon (4/15)
 Temple: D:4-7

Altars:
Fedhas
Hepliaklqana
Makhleb
The Shining One

Annotations:
D:4 Pikel


Innate Abilities, Weirdness & Mutations

Your life essence is reduced to manifest your ancestor. (-10% HP)
You cannot wear most types of armour.
You are amphibious.
You can wear up to eight rings at the same time.
Your skin changes colour to match your surroundings (Stealth+).
Your rubbery body absorbs attacks. (AC +1, EV +1)
((You are camouflaged when in or above water. (Stealth+)))
You have tentacles for arms and can constrict up to eight enemies at once.


Message History

Pikel hits you with a +1 whip of flaming.
* * * LOW HITPOINT WARNING * * *
Pikel burns you.
* * * LOW HITPOINT WARNING * * *
The lemure barely misses you.
You feel much better. Pikel misses you. The lemure hits you.
The hobgoblin hits you.
You hit Pikel but do no damage. Your grab misses Pikel.
Pikel is moderately wounded.
Pikel closely misses you. The lemure misses you.
The hobgoblin closely misses you.
You hit Pikel. You grab Pikel.
Pikel is heavily wounded.
You constrict Pikel. Pikel misses you. The lemure hits you!
The hobgoblin barely misses you.
You hit Pikel. You squeeze Pikel.
Pikel is heavily wounded.
You constrict Pikel. Pikel barely misses you. The lemure barely misses you.
The hobgoblin barely misses you.
You hit Pikel but do no damage.
Pikel is heavily wounded.
You constrict Pikel. You hit Pikel. You squeeze Pikel, but do no damage.
Pikel is severely wounded.
You constrict Pikel, but do no damage. Pikel barely misses you.
The lemure hits you.
The hobgoblin hits you but does no damage.
You hit Pikel.
Pikel is severely wounded.
You constrict Pikel. Pikel misses you. The lemure closely misses you.
The hobgoblin hits you.
You hit Pikel but do no damage.
Pikel is severely wounded.
You constrict Pikel, but do no damage.
Pikel hits you with a +1 whip of flaming!
* * * LOW HITPOINT WARNING * * *
Pikel burns you.
* * * LOW HITPOINT WARNING * * *
The lemure barely misses you. The hobgoblin hits you.
You die...

...................#.........#
...................#.........#
5..................#.........#
...................#.........#
#..###...###..##...#.........####
######.. ###..##...#.............
....#.. #.........#.............
....#. #.....K...#.............
....# #.....5@..#..........>..
....# #.....g...#............)
....# #.........#.............
##### ###..#..###............. ##
#####.............#### .#
#..........รท..#... .#
#.............#... .# ..
#.............#... .#...
#.......[.....####


You could see Pikel, a lemure and a hobgoblin.

Vanquished Creatures
  A hound (D:4)
  An iguana (D:4)
  3 gnolls (D:2)
  6 adders (D:2)
  A white imp (D:4)
  3 worms
  3 dart slugs
  9 orcs (D:3)
  6 bats
  6 endoplasms
  5 giant cockroaches
  6 hobgoblins
  2 jackals (D:3)
  5 kobolds
  3 quokkas
  12 ball pythons
  5 frilled lizards
  4 goblins
  7 rats
88 creatures vanquished.

Vanquished Creatures (collateral kills)
  An orc (D:3)
  A hobgoblin (D:3)
  A jackal (D:3)
3 creatures vanquished.

Vanquished Creatures (others)
  An ancestor (D:4)
  11 foxfires (D:4)
  A plant (D:2)
13 creatures vanquished.

Grand Total: 104 creatures vanquished

Notes
Turn   | Place    | Note
-------+----------+-------------------------------------------
     0 | D:1      | omnomnOMINOUS the Octopode Wanderer began the quest for the
                  | Orb.
     0 | D:1      | omnomnOMINOUS set off with the following items: a +0 flail,
                  | a +0 hat, a potion of haste; and the following spell
                  | memorised: Foxfire; and the following spells available to
                  | memorise: Inner Flame.
     0 | D:1      | Reached XP level 1. HP: 13/13 MP: 2/2
   163 | D:1      | Reached XP level 2. HP: 18/18 MP: 3/3
   581 | D:1      | Reached XP level 3. HP: 24/24 MP: 5/5
   630 | D:1      | You fall into a shaft and drop 1 floor!
   746 | D:2      | Found a hazy altar of Hepliaklqana.
   758 | D:2      | Became a worshipper of Hepliaklqana the Forgotten
  1012 | D:1      | Reached XP level 4. HP: 29/29 MP: 7/7
  1542 | D:2      | Reached skill level 1 in Conjurations
  1735 | D:2      | Reached XP level 5. HP: 26/35 MP: 8/8
  2018 | D:2      | Found a faded altar of an unknown god.
  2534 | D:3      | Found a glowing golden altar of the Shining One.
  2534 | D:3      | Reached * piety under Hepliaklqana
  2969 | D:4      | Noticed a lemure
  2969 | D:4      | Noticed a lemure
  2970 | D:4      | Noticed a lemure
  3043 | D:4      | Reached skill level 5 in Dodging
  3043 | D:4      | Reached XP level 6. HP: 25/37 MP: 10/10
  3211 | D:4      | Found a blossoming altar of Fedhas.
  3212 | D:4      | Found a burning altar of Makhleb.
  3353 | D:4      | Noticed Pikel
  3383 | D:4      | HP: 1/37 [Pikel/+1 whip of flaming (4)]
  3383 | D:4      | Slain by a hobgoblin

Illustrated notes

Levels and vault maps discovered:
D:1:      nicolae_arrival_washed_ashore, layout_basic, solitary_fountain
D:2:      layout_loops_ring, basic_altar, dilly_ecumenical_altar_fadedgnrine,
          minmay_shallow_snake_nest
D:3:      layout_basic, tso_oasis_becter
D:4:      layout_gridville, chequers_temple_overflow_statue_of_worship,
          mainiacjoe_overflow_divided_tiny, uniq_pikel

Skill      XL: |  1  2  3  4  5  6 |
---------------+-------------------+-----
Fighting       | 2 3 |  3.2
Spellcasting   | 2 |  2.9
Conjurations   | 1 2 |  2.0
Dodging        | 5 |  5.1
Maces & Flails | |  3.0
Fire Magic     | |  1.0

Action                   |  1- 3 |  4- 6 || total
-------------------------+-------+-------++-------
Melee: Flail             |    73 |     3 ||    76
       Tentacles         |     6 |    31 ||    37
       Constrict         |    16 |    24 ||    40
       Punch             |     1 |       ||     1
       Spear             |       |    76 ||    76
       Trident           |       |    60 ||    60
 Cast: Foxfire           |       |     6 ||     6
Invok: Recall Ancestor   |       |     1 ||     1
       Ancestor Identity |       |     1 ||     1
  Use: Potion            |       |     3 ||     3
 Stab: Sleeping          |     7 |    17 ||    24
Armor: Skin              |     8 |     2 ||    10
Dodge: Dodged            |    41 |    77 ||   118

Table legend: (Time is in decaauts)
 A = Elapsed time spent in this place.
 B = Non-inter-level travel time spent in this place.
 C = Inter-level travel time spent in this place.
 D = Time resting spent in this place.
 E = Time spent auto-exploring this place.
 F = Levels seen in this place.
 G = Mean time per level.
                   A        B        C        D        E       F      G
               +--------+--------+--------+--------+--------+-----+--------+
         Total |   3423 |   3304 |    119 |     79 |   2573 |   4 |  855.8 |
       Dungeon |   3423 |   3304 |    119 |     79 |   2573 |   4 |  855.8 |
               +--------+--------+--------+--------+--------+-----+--------+

Top non-repeatable levels by time:
     D:2: 1126 daAuts
     D:1: 988 daAuts
     D:3: 870 daAuts
     D:4: 437 daAuts
